 Dungeon Crawl Stone Soup version 0.31.0-9-g3a7656b989 (webtiles) character file.

Game seed: 15379681338537667432

761 GreatBamboolord the Shooter (level 7, -3/62 HPs)
             Began as a Minotaur Hunter on Jan 25, 2024.
             Slain by a mummy (9 damage)
             ... in an ossuary.
             The game lasted 00:06:08 (4824 turns).

GreatBamboolord the Shooter (Minotaur Hunter)       Turns: 4824, Time: 00:06:09

Health: -3/62      AC:  5    Str: 16    XL:     7   Next: 51%
Magic:  6/6        EV: 15    Int:  6    God:
Gold:   72         SH:  0    Dex: 21    Spells: 6/6 levels left

rFire   . . .        a - +0 shortbow
rCold   . . .        (shield currently unavailable)
rNeg    . . .        c - +0 leather armour
rPois   .            (helmet restricted)
rElec   .            g - +0 cloak
rCorr   .            (no gloves)
SInv    .            n - +0 pair of boots
Will    .....        (no amulet)
Stlth   ++           m - +6 ring of dexterity
HPRegen 0.30/turn    (no ring)
MPRegen 0.10/turn

%: no passive effects
@: about to teleport, studying Long Blades
A: horns 2, retaliatory headbutt
a: no special abilities


You were in an ossuary.
You visited 1 branch of the dungeon, and saw 5 of its levels.
You also visited: Ossuary.

You collected 152 gold pieces.
You spent 80 gold pieces at shops.

Inventory:

Hand Weapons
 a - a +0 shortbow (weapon)
Armour
 c - a +0 leather armour (worn)
 g - a +0 cloak (worn)
 n - a +0 pair of boots (worn)
Jewellery
 m - a +6 ring of dexterity (left hand)
Wands
 k - a wand of flame (8)
Scrolls
 i - a scroll of amnesia
 o - a scroll of noise
Potions
 e - a potion of magic
 h - 2 potions of mutation
 p - a potion of enlightenment {unknown}


   Skills:
 * Level 5.8 Fighting
 * Level 6.6 Ranged Weapons
 * Level 5.3 Dodging
 + Level 2.7 Stealth


You had 6 spell levels left.
You didn't know any spells.
Your spell library was empty.

Dungeon Overview and Level Annotations

Branches:
Dungeon (5/15)            Ossuary (1/1)
 Temple: D:4-7

Altars:

Shops:
D:3 *

Annotations:
D:3 1 runed translucent door, Tinttamiau's ghost, weakling DsIE
D:4 Pikel


Innate Abilities, Weirdness & Mutations

You have a pair of horns on your head.
You reflexively headbutt those who attack you in melee.


Message History

You destroy the crocodile zombie!
The gnoll zombie misses you.
You shoot an arrow. The arrow barely misses the mummy.
The crocodile zombie bites you. The mummy closely misses you.
You shoot an arrow. The arrow hits the mummy.
The mummy is lightly damaged.
The gnoll zombie misses you. The crocodile zombie bites you.
The mummy closely misses you.
You shoot an arrow.
The arrow hits the mummy but does no damage.
The mummy is lightly damaged.
The gnoll zombie misses you. The crocodile zombie bites you.
The mummy closely misses you.
You shoot an arrow.
The arrow hits the mummy but does no damage.
The mummy is lightly damaged.
The gnoll zombie hits you.
The crocodile zombie bites you but does no damage.
You shoot an arrow.
The arrow hits the mummy but does no damage.
The mummy is lightly damaged.
The gnoll zombie misses you. The mummy hits you!
The crocodile zombie bites you!
* * * LOW HITPOINT WARNING * * *
Unknown command.
You shoot an arrow. The arrow hits the mummy.
The mummy is heavily damaged.
The gnoll zombie hits you.
* * * LOW HITPOINT WARNING * * *
The crocodile zombie barely misses you.
Okay, then.
Okay, then.
As you read the scroll of teleportation, it crumbles to dust.
You feel strangely unstable. The mummy hits you!
* * * LOW HITPOINT WARNING * * *
The gnoll zombie hits you but does no damage.
Unknown command.
The crocodile zombie barely misses you. You furiously retaliate!
You headbutt the crocodile zombie! The mummy hits you!
You die...

############Z
##.........^..
#.............
#....M∩..∩....
#...@.Z.......
##..Z.........
############.


You could see a mummy, a crocodile zombie and a gnoll zombie.

Vanquished Creatures
  Grinder (D:4)
  A black bear (D:4)
  3 lemures
  A phantom (D:4)
  A scorpion (D:5)
  A jelly (D:5)
  A gnoll bouda (D:3)
  A hound (D:5)
  A sleepcap (D:5)
  Ijyb (D:4)
  An iguana (D:3)
  An orc wizard (D:5)
  A crocodile zombie (Ossuary)
  A mummy (D:5)
  Robin (D:1)
  2 adders
  3 gnolls (D:4)
  A ribbon worm (D:3)
  2 orcs
  13 endoplasms
  2 giant cockroaches (D:4)
  15 goblins
  7 hobgoblins
  2 quokkas (D:1)
  4 ball pythons
  5 bats
  3 frilled lizards
  5 kobolds
  3 rats
84 creatures vanquished.

Notes
Turn   | Place    | Note
-------+----------+-------------------------------------------
     0 | D:1      | GreatBamboolord the Minotaur Hunter began the quest for the
                  | Orb.
     0 | D:1      | Reached XP level 1. HP: 18/18 MP: 0/0
   188 | D:1      | Reached skill level 1 in Stealth
   188 | D:1      | Reached XP level 2. HP: 25/25 MP: 1/1
   931 | D:2      | Noticed Robin
   936 | D:2      | Reached XP level 3. HP: 16/31 MP: 2/2
  1604 | D:1      | Killed Robin
  1993 | D:2      | Reached skill level 5 in Ranged Weapons
  1993 | D:2      | Reached XP level 4. HP: 37/38 MP: 3/3
  2182 | D:2      | Found a faded altar of an unknown god.
  2419 | D:3      | Found a runed translucent door.
  2419 | D:3      | Noticed Tinttamiau's ghost (weakling DsIE)
  2540 | D:3      | Found Naumm's General Store.
  2553 | D:3      | Bought a potion of mutation for 80 gold pieces
  2791 | D:3      | Reached XP level 5. HP: 12/46 MP: 4/4
  3112 | D:4      | Noticed a phantom
  3122 | D:4      | Killed a phantom
  3233 | D:4      | Noticed Ijyb
  3243 | D:4      | Killed Ijyb
  3244 | D:4      | Reached XP level 6. HP: 21/53 MP: 5/5
  4087 | D:4      | Noticed Grinder
  4098 | D:4      | Killed Grinder
  4099 | D:4      | Reached skill level 5 in Fighting
  4099 | D:4      | Reached skill level 6 in Ranged Weapons
  4099 | D:4      | Reached XP level 7. HP: 43/61 MP: 6/6
  4196 | D:5      | Entered Level 5 of the Dungeon
  4214 | D:5      | Reached skill level 5 in Dodging
  4440 | D:5      | Noticed Pikel
  4538 | D:4      | HP: 1/62 [lemure[Pikel] (8)]
  4545 | D:5      | HP: 3/62 [lemure[Pikel] (8)]
  4796 | D:5      | Found a sand-covered staircase.
  4806 | Ossuary  | Entered an ossuary
  4824 | Ossuary  | Slain by a mummy

Illustrated notes

Levels and vault maps discovered:
D:1:      matt_arrival_spirals, layout_basic
D:2:      layout_basic, hellmonk_ecumenical_altar_leap_of_faith, uniq_robin
D:3:      layout_rooms, serial_curves, eino_curves_02, eino_curves_04,
          serial_shops, shop, ebering_ghost_inner_flame
D:4:      layout_loops_ring, kennysheep_generic_room_5, uniq_ijyb, uniq_grinder
D:5:      layout_cave_pools, mainiacjoe_overflow_concentric_impassable,
          gup_ossuary_entry_pyramid, supply_closet_lemuel, minmay_misc_feat_iff,
          nicolae_shop_fire_sale [nicolae_sub_dead_trees], uniq_pikel
Ossuary:  ossuary_the_hunt_dpeg

Skill      XL: |  1  2  3  4  5  6  7 |
---------------+----------------------+-----
Stealth        | 1 2 |  2.7
Fighting       | 3 4 5 |  5.8
Dodging        | 3 4 5 |  5.3
Ranged Weapons | 5 6 |  6.6

Action                     |  1- 3 |  4- 6 |  7- 9 || total
---------------------------+-------+-------+-------++-------
   Fire: Shortbow          |    97 |   122 |    89 ||   308
    Use: Scroll            |     2 |       |     7 ||     9
         Potion            |     1 |       |     4 ||     5
 Armour: Leather armour    |    46 |    42 |    59 ||   147
         Skin              |       |       |     9 ||     9
  Dodge: Dodged            |    61 |    47 |    54 ||   162
